 Dungeon Sprint DCSS version 0.20-a0-537-g052e6ba (webtiles) character file.

96952565 Kidiri the Minotaur Barricade (level 24, 244/249 HPs)
             Began as a Minotaur Fighter on Jan 27, 2017.
             Was the Champion of the Shining One.
             Escaped with the Orb
             ... and 17 runes!
             The game lasted 01:11:24 (18874 turns).

Kidiri the Minotaur Barricade (Minotaur Fighter)   Turns: 18874, Time: 01:11:24

Health: 244/249    AC: 39    Str: 31    XL:     24   Next: 11%
Magic:  53/53      EV: 32    Int:  3    God:    the Shining One [******]
Gold:   245        SH: 37    Dex: 26    Spells: 77/77 levels left

rFire    + . .     SeeInvis .   s - +6 sacred scourge (holy)
rCold    + . .     Gourm    .   H - +6 plate armour of Sumuskutz {Dex+6}
rNeg     + + +     Faith    .   P - +6 large shield
rPois    .         Spirit   .   r - +2 hat {MR+}
rElec    .         Reflect  +   e - +2 cloak
rCorr    .         Harm     .   q - +2 pair of gloves
MR       +++..     NoTele   +   A - +2 pair of boots
Stlth    +.........             D - +2 amulet of reflection
Regen    0.6/turn               u - ring of protection from fire
                                Y - ring "Fill" {rN+ MR+ Str+3 Dex+3}

@: glowing
A: retaliatory headbutt, claws 1, horns 2, yellow scales 1, blurry vision 1,
cold resistance 1, deformed body, dopey 1, strong 1
0: Orb of Zot
}: 17/15 runes: decaying, serpentine, barnacled, slimy, elven, silver, golden,
iron, obsidian, icy, bone, abyssal, glowing, magical, fiery, dark, gossamer
a: Divine Shield, Cleansing Flame, Summon Divine Warrior, Renounce Religion


You escaped.
You worshipped the Shining One.
The Shining One was exalted by your worship.
You were not hungry.

You visited 1 branch You collected 1959 gold pieces.
You spent 1714 gold pieces at shops.

Inventory:

Hand Weapons
 s - a +6 sacred scourge of holy wrath (weapon)
Missiles
 c - 32 javelins
 l - a throwing net
 J - 9 javelins of returning
 K - 8 javelins of penetration (quivered)
 O - 13 steel javelins
 T - 18 silver javelins
Armour
 e - a +2 cloak (worn)
 q - a +2 pair of gloves (worn)
 r - a +2 hat of magic resistance (worn)
 A - a +2 pair of boots (worn)
 H - the +6 plate armour of Sumuskutz (worn) {Dex+6}
   (You found it in the Dungeon)

   It affects your dexterity (+6).
 P - a +6 large shield (worn)
Jewellery
 a - an uncursed ring of protection from cold
 t - an uncursed ring of ice
 u - a ring of protection from fire (right hand)
 y - an uncursed ring of protection from fire
 C - an uncursed ring of protection from magic
 D - a +2 amulet of reflection (around neck)
 F - the amulet "Jiqoteme" {Faith Str+4}
   (You found it in the Dungeon)

   [amulet of faith]

   It allows you to gain divine favour quickly.
   It affects your strength (+4).
 U - the amulet "Bahoghypp" {Faith +Fly MR+}
   (You found it in the Dungeon)

   [amulet of faith]

   It allows you to gain divine favour quickly.
   It affects your resistance to hostile enchantments.
   It lets you fly.
 V - a +3 ring of protection
 X - the amulet "Itoir" {rElec Regen+ Str-4 Slay+2}
   (You found it in the Dungeon)

   [amulet of regeneration]

   It affects your strength (-4).
   It affects your accuracy and damage with ranged weapons and melee attacks
   (+2).
   It insulates you from electricity.
   It increases your rate of regeneration.
 Y - the ring "Fill" (left hand) {rN+ MR+ Str+3 Dex+3}
   (You found it in the Dungeon)

   [ring of dexterity]

   It affects your strength (+3).
   It affects your dexterity (+3).
   It protects you from negative energy.
   It affects your resistance to hostile enchantments.
 Z - the ring "Veunu" {Fire rPois Str+6 Int+5}
   (You found it in the Dungeon)

   [ring of fire]

   It enhances your fire magic.
   It affects your strength (+6).
   It affects your intelligence (+5).
   It protects you from fire.
   It makes you vulnerable to cold.
   It protects you from poison.
Wands
 p - a wand of lightning (4/15)
Scrolls
 f - 2 scrolls of identify
 j - a scroll of immolation
 k - a scroll of blinking
 n - 5 scrolls of remove curse
 o - 2 scrolls of amnesia
 v - 5 scrolls of fog
 G - 3 scrolls of recharging
Potions
 b - 2 potions of resistance
 d - 3 potions of cure mutation
 h - 7 potions of haste
 i - 4 potions of magic
 m - 2 potions of curing
 B - 2 potions of berserk rage
 R - 2 potions of brilliance
 S - a potion of lignification
Comestibles
 x - 9 bread rations
 z - 12 meat rations


   Skills:
 O Level 27 Fighting
 O Level 27 Maces & Flails
 O Level 27 Throwing
 O Level 27 Armour
 O Level 27 Dodging
 O Level 27 Stealth
 O Level 27 Shields
 O Level 27 Unarmed Combat
 O Level 27 Spellcasting
 O Level 27 Invocations
 O Level 27 Evocations


You had 77 spell levels left.
You didn't know any spells.

Dungeon Overview and Level Annotations

Branches:
Dungeon (1/1)

Altars:
Cheibriados
Dithmenos
Elyvilon
Fedhas
Gozag
Hepliaklqana
Kikubaaqudgha
Makhleb
Nemelex Xobeh
Okawaru
Qazlal
Ru
Sif Muna
Trog
Uskayaw
Vehumet
Xom
Yredelemnul
Zin
The Shining One
Beogh
Jiyva
Lugonu

Shops:
D [%=}


Innate Abilities, Weirdness & Mutations

You reflexively headbutt those who attack you in melee.
You have a pair of horns on your head.
You have sharp fingernails.
You are partially covered in yellow scales. (AC +2)
Scrolls take you a little longer to read.
Your flesh is cold resistant. (rC+)
Armour fits poorly on your strangely shaped body.
You are dopey. (Int -2)
Your muscles are strong. (Str +2)


Message History

Things that are here:
a dagger; a robe Unknown command.
Unknown command.
The shadow demon gestures.
You whack the shadow demon!
The shadow demon convulses!!
You headbutt the shadow demon.
The shadow demon is severely wounded.
You block the shadow demon's attack.
You whack the shadow demon!
The shadow demon convulses!
You kill the shadow demon!
The Shining One accepts your kill.
You feel better.
The dart slug dissolves into shadows!
The kobold dissolves into shadows!
The rat dissolves into shadows!
The kobold dissolves into shadows!
You see here a dagger.
There is an open door to the Dungeon here.
There is a staircase leading out of the dungeon here.
Unknown command.
You have escaped!

▓.▓.▓.▓.▓.▓.▓.▓.▓.
▓.▓.▓'▓.▓.▓.▓.▓.▓.
▓.▓.▓.▓.▓.▓.▓.▓.▓.
▓)▓.▓.▓.▓.▓)▓.▓.▓.
▓'▓.▓.▓.▓.▓.▓.▓.▓.
▓.▓.▓.▓.▓.▓.▓.▓.▓.
▓.▓.▓.▓.▓.▓.▓.▓.▓.
▓.▓.▓.▓.▓.▓.▓.▓.▓.
▓@▓...▓...▓...▓...
▓▓▓▓▓▓▓▓▓▓▓▓▓▓▓▓▓▓


There were no monsters in sight!

Vanquished Creatures
  Antaeus (D)
  Asmodeus (D)
  the Royal Jelly (D)
  Gloorx Vloq (D)
  Ereshkigal (D)
  Lom Lobon (D)
  Mnoleg (D)
  7 pandemonium lords (D)
  5 ancient liches (D)
  Dispater (D)
  2 orbs of fire (D)
  Mara (D)
  Mennas (D)
  7 greater mummies (D)
  Boris (D)
  Sojobo (D)
  Margery (D)
  Xtahua (D)
  Geryon (D)
  A Killer Klown (D)
  5 golden dragons (D)
  2 profane servitors (D)
  Jory (D)
  2 bone dragons (D)
  3 liches (D)
  2 Brimstone Fiends (D)
  An electric golem (D)
  Rupert (D)
  4 tentacled monstrosities (D)
  7 deep elf blademasters (D)
  4 Hell Sentinels (D)
  47 Orb Guardians (D)
  2 quicksilver dragons (D)
  4 titans (D)
  5 deep elf master archers (D)
  A death cob (D)
  6 shadow dragons (D)
  13 acid blobs (D)
  An Executioner (D)
  14 sphinxes (D)
  A tentacled starspawn (D)
  Gastronok (D)
  2 thorn hunters (D)
  Donald (D)
  2 tengu reavers (D)
  9 storm dragons (D)
  7 azure jellies (D)
  7 nagarajas (D)
  4 frost giants (D)
  Ilsuiw (D)
  13 fire giants (D)
  3 ghost moths (D)
  A balrug (D)
  2 draconian knights (D)
  A draconian scorcher (D)
  7 emperor scorpions (D)
  3 cacodemons (D)
  An angel (D)
  3 draconian shifters (D)
  Louise (D)
  2 deep elf sorcerers (D)
  A spriggan defender (D)
  A draconian stormcaller (D)
  A reaper (D)
  2 entropy weavers (D)
  2 ironheart preservers (D)
  2 draconian annihilators (D)
  3 very ugly things (D)
  9 vampire knights (D)
  6 stone giants (D)
  4 lorocyprocas (D)
  4 green draconians (D)
  4 deep elf demonologists (D)
  A white draconian (D)
  A yellow draconian (D)
  A starcursed mass (D)
  4 red draconians (D)
  3 black draconians (D)
  2 purple draconians (D)
  An ettin (D)
  3 blizzard demons (D)
  7 merfolk javelineers (D)
  4 yaktaur captains (D)
  A minotaur (D)
  5 mummy priests (D)
  A deep elf high priest (D)
  Josephine (D)
  2 great orbs of eyes (D)
  3 merfolk impalers (D)
  5 fire dragons (D)
  7 death oozes (D)
  A monstrous demonspawn (D)
  2 rakshasas (D)
  A spriggan air mage (D)
  4 ice dragons (D)
  11 hydras (D)
  25 vault guards (D)
  A merfolk avatar (D)
  A hell beast (D)
  A ghost crab (D)
  3 merfolk aquamancers (D)
  2 centaur warriors (D)
  A satyr (D)
  A deep troll shaman (D)
  A tengu warrior (D)
  2 deep troll earth magi (D)
  2 ogre magi (D)
  5 soul eaters (D)
  7 sun demons (D)
  A wretched star (D)
  2 shock serpents (D)
  4 deep elf knights (D)
  Sonja (D)
  4 hell knights (D)
  12 spriggans (D)
  3 orc high priests (D)
  4 sixfirhies (D)
  A sea snake (D)
  A shadow wraith (D)
  An unseen horror (D)
  3 swamp dragons (D)
  2 gelid demonspawn (D)
  3 shadow demons (D)
  7 orc knights (D)
  A lindwurm (shapeshifter) (D)
  2 deep elf archers (D)
  A mana viper (D)
  6 necromancers (D)
  12 deep elf magi (D)
  A salamander (D)
  2 orb spiders (D)
  An ugly thing (D)
  A wolf spider (D)
  A cyclops (D)
  11 moths of wrath (D)
  2 merfolk sirens (D)
  4 vault sentinels (D)
  An elephant (shapeshifter) (D)
  2 guardian serpents (D)
  7 rust devils (D)
  2 naga magi (D)
  5 black mambas (D)
  11 smoke demons (D)
  3 spiny frogs (D)
  7 orange demons (D)
  A hellion (D)
  2 freezing wraiths (D)
  3 yaktaurs (D)
  4 demonic crawlers (D)
  2 ice devils (D)
  2 komodo dragons (D)
  16 guardian mummies (D)
  11 hellwings (D)
  4 red devils (D)
  A wandering mushroom (D)
  A meliai (D)
  5 large abominations (D)
  12 merfolk (D)
  2 polar bears (D)
  3 jumping spiders (D)
  3 hornets (D)
  A raiju (D)
  3 slime creatures (D)
  A blink frog (D)
  A tyrant leech (D)
  A bog body (D)
  2 hippogriffs (D)
  A redback (D)
  5 wraiths (D)
  A yak (D)
  A wyvern (D)
  A basilisk (D)
  A golden eye (D)
  2 vampire mosquitoes (D)
  2 chaos spawn (D)
  Grum (D)
  5 neqoxecs (D)
  2 nagas (D)
  An acid dragon (D)
  3 water moccasins (D)
  A floating eye (D)
  2 porcupines (D)
  6 orc warriors (D)
  A phantom (D)
  2 eyes of draining (D)
  3 wolves (D)
  3 boggarts (D)
  6 black bears (D)
  A centaur (D)
  A crocodile (D)
  3 bullfrogs (D)
  A scorpion (D)
  A howler monkey (D)
  3 crimson imps (D)
  A hound (D)
  3 quasits (D)
  13 orc priests (D)
  6 orc wizards (D)
  A worker ant (D)
  2 small abominations (D)
  A shadow imp (D)
  2 white imps (D)
  An ufetubus (D)
  An adder skeleton (D)
  2 ball lightnings (D)
  A dart slug (D)
  A leopard gecko (D)
  11 orcs (D)
  A goblin (D)
  3 bats (D)
  A giant cockroach zombie (D)
  A jackal skeleton (D)
  A leopard gecko simulacrum (D)
  A fire vortex (D)
  A lurking horror (D)
  A starspawn tentacle (D)
725 creatures vanquished.

Vanquished Creatures (collateral kills)
  Cerebov (D)
  A pandemonium lord (D)
  A Tzitzimitl (D)
  A ball lightning (D)
4 creatures vanquished.

Vanquished Creatures (others)
  A pandemonium lord (D)
  3 deep elf master archers (D)
  A merfolk javelineer (D)
  An alligator (D)
  A golden eye (shapeshifter) (D)
  12 ball lightnings (D)
19 creatures vanquished.

Grand Total: 748 creatures vanquished

Notes
Turn   | Place    | Note
-------+----------+-------------------------------------------
     0 | D        | Kidiri the Minotaur Fighter began the quest for the Orb.
     0 | D        | Reached XP level 1. HP: 19/19 MP: 0/0
    22 | D        | Reached skill level 1 in Dodging
   194 | D        | Noticed a howler monkey
   194 | D        | Noticed an orc wizard
   200 | D        | Reached XP level 2. HP: 24/27 MP: 1/1
   215 | D        | Reached skill level 5 in Fighting
   215 | D        | Reached skill level 5 in Armour
   215 | D        | Reached skill level 5 in Shields
   215 | D        | Reached XP level 3. HP: 26/36 MP: 2/2
   220 | D        | Reached skill level 5 in Maces & Flails
   220 | D        | Reached XP level 4. HP: 29/44 MP: 3/3
   231 | D        | Found a roughly hewn altar of Beogh.
   231 | D        | Found a snail-covered altar of Cheibriados.
   231 | D        | Found a shadowy altar of Dithmenos.
   231 | D        | Found a white marble altar of Elyvilon.
   231 | D        | Found a blossoming altar of Fedhas.
   231 | D        | Found an opulent altar of Gozag.
   232 | D        | Found a hazy altar of Hepliaklqana.
   233 | D        | Found a viscous altar of Jiyva.
   234 | D        | Found an ancient bone altar of Kikubaaqudgha.
   235 | D        | Found a corrupted altar of Lugonu.
   236 | D        | Found a burning altar of Makhleb.
   237 | D        | Found a sparkling altar of Nemelex Xobeh.
   238 | D        | Found an iron altar of Okawaru.
   239 | D        | Found a stormy altar of Qazlal.
   240 | D        | Found a sacrificial altar of Ru.
   241 | D        | Found a deep blue altar of Sif Muna.
   242 | D        | Found a bloodstained altar of Trog.
   243 | D        | Found a hide-covered altar of Uskayaw.
   244 | D        | Found a radiant altar of Vehumet.
   245 | D        | Found a shimmering altar of Xom.
   246 | D        | Became a worshipper of Warmaster Okawaru
   247 | D        | Found a basalt altar of Yredelemnul.
   248 | D        | Found a glowing silver altar of Zin.
   249 | D        | Found a glowing golden altar of the Shining One.
   324 | D        | Noticed a yak
   324 | D        | Noticed a phantom
   342 | D        | Killed a phantom
   342 | D        | Reached XP level 5. HP: 35/53 MP: 4/4
   347 | D        | Killed a yak
   347 | D        | Reached * piety under Okawaru
   347 | D        | Reached XP level 6. HP: 38/62 MP: 5/5
   463 | D        | Noticed a hippogriff
   463 | D        | Noticed a wraith
   470 | D        | Reached skill level 5 in Dodging
   486 | D        | Killed a wraith
   486 | D        | Reached skill level 1 in Invocations
   486 | D        | Reached XP level 7. HP: 41/70 MP: 4/6
   493 | D        | Killed a hippogriff
   493 | D        | Reached ** piety under Okawaru
   493 | D        | Reached skill level 10 in Fighting
   493 | D        | Reached skill level 10 in Armour
   493 | D        | Reached skill level 10 in Shields
   841 | D        | Got the +5 dire flail "Edis" {vamp, Dex+2}
   863 | D        | Noticed a komodo dragon
   863 | D        | Noticed a komodo dragon
   863 | D        | Noticed a spiny frog
   871 | D        | Killed a spiny frog
   871 | D        | Reached skill level 10 in Maces & Flails
   871 | D        | Reached XP level 8. HP: 47/81 MP: 7/9
   876 | D        | Noticed an eight-headed hydra
   879 | D        | Killed a komodo dragon
   879 | D        | Reached *** piety under Okawaru
   891 | D        | Killed a komodo dragon
   901 | D        | HP: 4/82 [eight-headed hydra (3)]
   907 | D        | Killed an eight-headed hydra
   907 | D        | Reached **** piety under Okawaru
   907 | D        | Reached XP level 9. HP: 34/90 MP: 6/11
   909 | D        | Reached skill level 5 in Invocations
  1102 | D        | Noticed a spiny frog
  1102 | D        | Noticed a spiny frog
  1106 | D        | Killed a spiny frog
  1106 | D        | Reached ***** piety under Okawaru
  1113 | D        | Killed a spiny frog
  1131 | D        | Reached XP level 10. HP: 95/100 MP: 11/13
  1276 | D        | Received a gift from Okawaru
  1464 | D        | Noticed Josephine
  1477 | D        | Killed Josephine
  1855 | D        | Noticed an orc knight
  1859 | D        | Noticed an orc knight
  1863 | D        | Noticed an orc knight
  1875 | D        | Killed an orc knight
  1889 | D        | Killed an orc knight
  1898 | D        | Killed an orc knight
  1898 | D        | Reached XP level 11. HP: 84/111 MP: 10/15
  2105 | D        | Found Impu Ifo's Gadget Boutique.
  2112 | D        | Found Miegi's Jewellery Shop.
  2118 | D        | Found Foset's Food Boutique.
  2122 | D        | Found Heoss's Armour Shop.
  2124 | D        | Noticed an orc high priest
  2127 | D        | Noticed an orc high priest
  2128 | D        | Noticed an orc high priest
  2133 | D        | Killed an orc high priest
  2133 | D        | Received a gift from Okawaru
  2138 | D        | Noticed a sixfirhy
  2145 | D        | Killed an orc high priest
  2145 | D        | Reached skill level 10 in Dodging
  2145 | D        | Reached skill level 15 in Shields
  2153 | D        | Killed an orc high priest
  2153 | D        | Reached skill level 15 in Fighting
  2153 | D        | Reached skill level 15 in Maces & Flails
  2153 | D        | Reached skill level 15 in Armour
  2196 | D        | Bought an uncursed ring of protection from magic for 350 gold pieces
  2196 | D        | Bought a +2 amulet of reflection for 105 gold pieces
  2423 | D        | Bought the cursed +0 crystal plate armour of Sunlight {rPois Regen+ Str+2} for 1201 gold pieces
  2423 | D        | Bought a +0 cloak for 58 gold pieces
  2499 | D        | Noticed Grum
  2511 | D        | Killed Grum
  2531 | D        | Noticed Gastronok
  2548 | D        | Killed Gastronok
  2647 | D        | Got the +6 plate armour of Sumuskutz {Dex+6}
  2696 | D        | Noticed a tengu warrior
  2709 | D        | Killed an unseen horror
  2725 | D        | Killed a tengu warrior
  2734 | D        | Noticed a green ugly thing
  2738 | D        | Noticed a purple very ugly thing
  2739 | D        | Noticed a great orb of eyes
  2744 | D        | Received a gift from Okawaru
  2746 | D        | Noticed a white very ugly thing
  2760 | D        | Killed a green ugly thing
  2769 | D        | Killed a white very ugly thing
  2769 | D        | Reached ****** piety under Okawaru
  2769 | D        | Reached XP level 12. HP: 120/122 MP: 2/17
  2777 | D        | Killed a white very ugly thing
  2786 | D        | Killed a great orb of eyes
  2793 | D        | Received a gift from Okawaru
  2821 | D        | Gained mutation: You occasionally shout uncontrollably at your foes. [mutagenic meat]
  2822 | D        | Gained mutation: You have sharp toenails. [mutagenic meat]
  2823 | D        | Gained mutation: Your muscles are strong. (Str +2) [mutagenic meat]
  2825 | D        | Gained mutation: You are robust. (+10% HP) [mutagenic meat]
  2826 | D        | Gained mutation: You expend magic power (3 MP) to strengthen your wands. [mutagenic meat]
  2828 | D        | Gained mutation: Your magical capacity is low. (-10% MP) [mutagenic meat]
  2830 | D        | Gained mutation: You can translocate small distances at will. [mutagenic meat]
  2831 | D        | Gained mutation: Your spells are a little harder to cast, but a little more powerful. [mutagenic meat]
  2832 | D        | Gained mutation: You are agile. (Dex +2) [mutagenic meat]
  2834 | D        | Gained mutation: You are partially covered in yellow scales. (AC +2) [mutagenic meat]
  2893 | D        | Noticed Sonja
  2907 | D        | Killed Sonja
  2953 | D        | Noticed Rupert
  2968 | D        | Killed Rupert
  2968 | D        | Reached skill level 1 in Evocations
  3060 | D        | Received a gift from Okawaru
  3060 | D        | Reached skill level 10 in Invocations
  3332 | D        | Noticed a satyr
  3357 | D        | Killed a satyr
  3357 | D        | Reached skill level 1 in Throwing
  3445 | D        | Noticed an alligator
  3445 | D        | Noticed a ghost crab
  3445 | D        | Noticed a thorn hunter
  3452 | D        | Killed a thorn hunter
  3452 | D        | Reached XP level 13. HP: 144/147 MP: 9/17
  3511 | D        | Noticed an entropy weaver
  3520 | D        | Killed an entropy weaver
  3521 | D        | Noticed an emperor scorpion
  3544 | D        | Received a gift from Okawaru
  3545 | D        | Got a fine plate armour {god gift}
  3566 | D        | Killed an emperor scorpion
  3566 | D        | Reached skill level 5 in Evocations
  3735 | D        | Identified the +0 plate armour "Dosh" {Str+3} (Okawaru gifted it to you in the Dungeon)
  3825 | D        | Noticed Donald
  3835 | D        | Killed Donald
  3890 | D        | Noticed a fire giant
  3891 | D        | Noticed a fire dragon
  3904 | D        | Noticed a fire dragon
  3921 | D        | Noticed a frost giant
  3924 | D        | Killed a fire giant
  3924 | D        | Reached skill level 5 in Throwing
  3942 | D        | Killed a fire dragon
  3954 | D        | Noticed an ettin
  3963 | D        | Killed a fire dragon
  3975 | D        | Killed a frost giant
  3982 | D        | Noticed a fire giant
  3992 | D        | Reached XP level 14. HP: 157/160 MP: 17/19
  4001 | D        | Killed a fire giant
  4169 | D        | Received a gift from Okawaru
  4197 | D        | Noticed a stone giant
  4198 | D        | Noticed an ironheart preserver
  4232 | D        | Killed a stone giant
  4233 | D        | Noticed an entropy weaver
  4244 | D        | Killed an ironheart preserver
  4296 | D        | Killed an entropy weaver
  4296 | D        | Received a gift from Okawaru
  4635 | D        | Noticed Boris
  4638 | D        | Noticed a tengu reaver
  4642 | D        | Noticed Sojobo
  4644 | D        | Noticed a tengu reaver
  4654 | D        | Killed Boris
  4654 | D        | Received a gift from Okawaru
  4655 | D        | Got a polished troll leather armour {god gift}
  4662 | D        | Killed a tengu reaver
  4684 | D        | Killed Sojobo
  4695 | D        | Killed a tengu reaver
  4718 | D        | Identified the +2 troll leather armour of the Imp {*Contam rC+ Regen+ Int+3} (Okawaru gifted it to you in the Dungeon)
  5109 | D        | Noticed Margery
  5135 | D        | Killed Margery
  5135 | D        | Reached XP level 15. HP: 151/173 MP: 16/20
  5146 | D        | Reached skill level 15 in Dodging
  5257 | D        | Killed a ghost moth
  5316 | D        | Killed a ghost moth
  5316 | D        | Received a gift from Okawaru
  5343 | D        | Received a gift from Okawaru
  5344 | D        | Got a faintly glowing mace {god gift}
  5390 | D        | Lost mutation: Your magical capacity is low. (-10% MP) [mutagenic meat]
  5392 | D        | Gained mutation: You have sharp fingernails. [mutagenic meat]
  5394 | D        | Lost mutation: You can translocate small distances at will. [mutagenic meat]
  5408 | D        | Got a gossamer rune of Zot
  5570 | D        | Reached skill level 10 in Throwing
  5571 | D        | Reached skill level 10 in Evocations
  5572 | D        | Noticed Ilsuiw
  5613 | D        | Killed Ilsuiw
  5635 | D        | Received a gift from Okawaru
  5661 | D        | Got a barnacled rune of Zot
  5785 | D        | Noticed a nagaraja
  5785 | D        | Noticed a nagaraja
  5785 | D        | Noticed a nagaraja
  5786 | D        | Noticed a nagaraja
  5788 | D        | Killed a nagaraja
  5792 | D        | Noticed a nagaraja
  5793 | D        | Noticed a nagaraja
  5793 | D        | Killed a nagaraja
  5798 | D        | Killed a nagaraja
  5798 | D        | Killed a nagaraja
  5799 | D        | Killed a nagaraja
  5800 | D        | Noticed a nagaraja
  5803 | D        | Killed a nagaraja
  5803 | D        | Received a gift from Okawaru
  5804 | D        | Killed a nagaraja
  5804 | D        | Received a gift from Okawaru
  5822 | D        | Got a serpentine rune of Zot
  5828 | D        | Lost mutation: You expend magic power (3 MP) to strengthen your wands. [mutagenic meat]
  5829 | D        | Lost mutation: You have sharp toenails. [mutagenic meat]
  5830 | D        | Lost mutation: You are robust. (+10% HP) [mutagenic meat]
  6040 | D        | Noticed a thorn hunter
  6040 | D        | Reached XP level 16. HP: 172/172 MP: 16/24
  6049 | D        | Killed a thorn hunter
  6064 | D        | Got a decaying rune of Zot
  6104 | D        | Noticed Louise
  6116 | D        | Killed Louise
  6122 | D        | Identified the +8 mace of Tartarus {drain, +Blink rElec rPois} (Okawaru gifted it to you in the Dungeon)
  6175 | D        | Noticed Mennas
  6218 | D        | Killed Mennas
  6309 | D        | Received a gift from Okawaru
  6475 | D        | Noticed a sphinx
  6476 | D        | Noticed a storm dragon
  6479 | D        | Killed a storm dragon
  6483 | D        | Killed a sphinx
  6503 | D        | Noticed a shadow dragon
  6514 | D        | Noticed a shadow dragon
  6515 | D        | Killed a shadow dragon
  6532 | D        | Killed a shadow dragon
  6575 | D        | Gained mutation: Your flesh is cold resistant. (rC+) [mutagenic meat]
  7719 | D        | Fell from the grace of Okawaru
  7719 | D        | Became a worshipper of the Shining One
  8809 | D        | Noticed a shadow dragon
  8809 | D        | Noticed a tentacled monstrosity
  8809 | D        | Reached * piety under the Shining One
  8809 | D        | Noticed a tentacled monstrosity
  8809 | D        | Noticed a sphinx
  8809 | D        | Noticed a shadow dragon
  8809 | D        | Reached ** piety under the Shining One
  8815 | D        | Reached XP level 17. HP: 175/188 MP: 25/25
  8821 | D        | Reached *** piety under the Shining One
  8826 | D        | Noticed an ancient lich
  8826 | D        | Killed a tentacled monstrosity
  8831 | D        | Reached **** piety under the Shining One
  8832 | D        | Killed a tentacled monstrosity
  8833 | D        | Killed an ancient lich
  8837 | D        | Reached ***** piety under the Shining One
  8861 | D        | Got a silver rune of Zot
  9058 | D        | Noticed a deep elf master archer
  9069 | D        | Killed a deep elf master archer
  9072 | D        | Got the amulet "Jiqoteme" {Faith Str+4}
  9074 | D        | Got the amulet "Bahoghypp" {Faith +Fly MR+}
  9076 | D        | Got the amulet "Itoir" {rElec Regen+ Str-4 Slay+2}
  9080 | D        | Got the ring "Fill" {rN+ MR+ Str+3 Dex+3}
  9082 | D        | Got the ring "Veunu" {Fire rPois Str+6 Int+5}
  9214 | D        | Noticed Jory
  9225 | D        | Killed Jory
  9233 | D        | Noticed Xtahua
  9239 | D        | Killed Xtahua
  9277 | D        | Noticed Mara
  9280 | D        | Noticed Kidiri's illusion
  9295 | D        | Killed Mara
  9295 | D        | Reached skill level 27 in Fighting
  9295 | D        | Reached skill level 27 in Maces & Flails
  9295 | D        | Reached skill level 27 in Armour
  9295 | D        | Reached skill level 27 in Shields
  9366 | D        | Reached ****** piety under the Shining One
  9371 | D        | Reached skill level 15 in Throwing
  9376 | D        | Reached skill level 15 in Evocations
  9401 | D        | Identified a +6 sacred scourge of holy wrath (a +4 demon whip of draining blessed by the Shining One)
  9401 | D        | Received a gift from the Shining One
  9421 | D        | Noticed a bone dragon
  9421 | D        | Noticed a bone dragon
  9431 | D        | Killed a bone dragon
  9436 | D        | Killed a bone dragon
  9558 | D        | Noticed a golden dragon
  9558 | D        | Noticed a quicksilver dragon
  9558 | D        | Noticed a tentacled monstrosity
  9558 | D        | Noticed a quicksilver dragon
  9563 | D        | Killed a quicksilver dragon
  9568 | D        | Killed a tentacled monstrosity
  9568 | D        | Reached XP level 18. HP: 200/200 MP: 29/29
  9571 | D        | Killed a golden dragon
  9665 | D        | Noticed a golden dragon
  9669 | D        | Killed a golden dragon
  9934 | D        | Noticed a tentacled monstrosity
  9934 | D        | Noticed a Killer Klown
  9937 | D        | Killed a Killer Klown
  9938 | D        | Killed a tentacled monstrosity
 10093 | D        | Noticed an Orb Guardian
 10093 | D        | Noticed an Orb Guardian
 10093 | D        | Noticed an Orb Guardian
 10093 | D        | Noticed an Orb Guardian
 10093 | D        | Noticed an Orb Guardian
 10093 | D        | Noticed an Orb Guardian
 10097 | D        | Noticed an Orb Guardian
 10097 | D        | Killed an Orb Guardian
 10097 | D        | Killed an Orb Guardian
 10098 | D        | Killed an Orb Guardian
 10098 | D        | Killed an Orb Guardian
 10099 | D        | Killed an Orb Guardian
 10099 | D        | Killed an Orb Guardian
 10100 | D        | Noticed an Orb Guardian
 10103 | D        | Killed an Orb Guardian
 10109 | D        | Killed an Orb Guardian
 10110 | D        | Noticed an Orb Guardian
 10111 | D        | Noticed an Orb Guardian
 10115 | D        | Killed an Orb Guardian
 10119 | D        | Killed an Orb Guardian
 10262 | D        | Noticed an Orb Guardian
 10262 | D        | Noticed an Orb Guardian
 10264 | D        | Noticed an Orb Guardian
 10265 | D        | Killed an Orb Guardian
 10265 | D        | Reached skill level 27 in Dodging
 10265 | D        | Reached XP level 19. HP: 207/207 MP: 28/32
 10265 | D        | Reached skill level 15 in Invocations
 10291 | D        | Gained mutation: You evolve. [mutagenic meat]
 10293 | D        | Lost mutation: You are agile. (Dex +2) [mutagenic meat]
 10428 | D        | Noticed an ancient lich
 10432 | D        | Killed an ancient lich
 10436 | D        | Noticed an orb of fire
 10439 | D        | Gained mutation: Your body sometimes deteriorates upon taking damage. [an orb of fire]
 10444 | D        | Killed an orb of fire
 10448 | D        | Noticed an electric golem
 10456 | D        | Killed an electric golem
 10460 | D        | Noticed an ancient lich
 10460 | D        | Noticed an ancient lich
 10464 | D        | Killed an ancient lich
 10464 | D        | Killed an ancient lich
 10465 | D        | Noticed an ancient lich
 10466 | D        | Killed an ancient lich
 10469 | D        | Noticed an orb of fire
 10470 | D        | Noticed a golden dragon
 10523 | D        | Gained mutation: Your flesh is heat resistant. (rF+) [evolution]
 10523 | D        | Lost mutation: You evolve. [end of evolution]
 10559 | D        | Noticed a golden dragon
 10564 | D        | Killed a golden dragon
 10564 | D        | Killed a golden dragon
 10571 | D        | Killed an orb of fire
 10580 | D        | Noticed a golden dragon
 10588 | D        | Killed a golden dragon
 10622 | D        | Reached skill level 27 in Throwing
 10622 | D        | Reached XP level 20. HP: 215/216 MP: 31/35
 10670 | D        | Reached skill level 27 in Evocations
 10882 | D        | Reached skill level 27 in Invocations
 10882 | D        | Reached skill level 1 in Spellcasting
 10884 | D        | Reached skill level 5 in Stealth
 10886 | D        | Reached skill level 10 in Stealth
 10886 | D        | Reached skill level 5 in Spellcasting
 10975 | D        | Got an elven rune of Zot
 10996 | D        | Reached skill level 15 in Stealth
 11004 | D        | Noticed the Royal Jelly
 11026 | D        | Killed the Royal Jelly
 11026 | D        | Reached skill level 10 in Spellcasting
 11104 | D        | Reached XP level 21. HP: 102/224 MP: 29/37
 11496 | D        | Got a slimy rune of Zot
 12467 | D        | Noticed a greater mummy
 12467 | D        | Noticed a greater mummy
 12467 | D        | Noticed a greater mummy
 12467 | D        | Noticed a greater mummy
 12471 | D        | Killed a greater mummy
 12471 | D        | Killed a greater mummy
 12472 | D        | Noticed a greater mummy
 12472 | D        | Killed a greater mummy
 12472 | D        | Reached skill level 15 in Spellcasting
 12474 | D        | Noticed a greater mummy
 12475 | D        | Killed a greater mummy
 12480 | D        | Noticed a greater mummy
 12481 | D        | Killed a greater mummy
 12488 | D        | Killed a greater mummy
 12502 | D        | Killed a greater mummy
 12545 | D        | Got a golden rune of Zot
 12728 | D        | Got an abyssal rune of Zot
 13158 | D        | Noticed Geryon
 13172 | D        | Killed Geryon
 13172 | D        | Reached skill level 27 in Stealth
 13174 | D        | Noticed Asmodeus
 13174 | D        | Noticed Mnoleg
 13176 | D        | Noticed Gloorx Vloq
 13189 | D        | Killed Mnoleg
 13875 | D        | Killed Gloorx Vloq
 14199 | D        | Killed Asmodeus
 14199 | D        | Reached XP level 22. HP: 167/233 MP: 43/46
 14430 | D        | Noticed Lom Lobon
 14431 | D        | Noticed Cerebov
 14558 | D        | Killed Cerebov
 14564 | D        | Gained mutation: Scrolls take you a little longer to read. [potion of mutation]
 14564 | D        | Lost mutation: You occasionally shout uncontrollably at your foes. [potion of mutation]
 14564 | D        | Gained mutation: Armour fits poorly on your strangely shaped body. [potion of mutation]
 14820 | D        | Noticed Antaeus
 14861 | D        | Killed Antaeus
 14887 | D        | Noticed Ereshkigal
 14895 | D        | Lost mutation: Your spells are a little harder to cast, but a little more powerful. [potion of cure mutation]
 14895 | D        | Lost mutation: Your body sometimes deteriorates upon taking damage. [potion of cure mutation]
 14895 | D        | Lost mutation: Scrolls take you a little longer to read. [potion of cure mutation]
 14895 | D        | Lost mutation: Your flesh is heat resistant. (rF+) [potion of cure mutation]
 14923 | D        | Killed Lom Lobon
 15608 | D        | Killed Ereshkigal
 15718 | D        | Was forgiven by Okawaru
 15808 | D        | Noticed Dispater
 15844 | D        | Killed Dispater
 16145 | D        | Got a glowing rune of Zot
 16149 | D        | Got an obsidian rune of Zot
 16154 | D        | Got a dark rune of Zot
 16158 | D        | Got an icy rune of Zot
 16162 | D        | Got a magical rune of Zot
 16166 | D        | Got a fiery rune of Zot
 16170 | D        | Got a bone rune of Zot
 16174 | D        | Got an iron rune of Zot
 16495 | D        | Got the Orb of Zot
 16927 | D        | Noticed Bysaot the pandemonium lord
 16960 | D        | Killed Bysaot the pandemonium lord
 16960 | D        | Reached skill level 27 in Spellcasting
 17071 | D        | Reached skill level 10 in Unarmed Combat
 17177 | D        | Noticed Gureso the pandemonium lord
 17207 | D        | Killed Gureso the pandemonium lord
 17313 | D        | Noticed Mypi the pandemonium lord
 17344 | D        | Killed Mypi the pandemonium lord
 17346 | D        | Reached XP level 23. HP: 20/240 MP: 47/53
 17812 | D        | Noticed Vedghume the pandemonium lord
 17825 | D        | Killed Vedghume the pandemonium lord
 17898 | D        | Noticed Voosoux the pandemonium lord
 17914 | D        | Killed Voosoux the pandemonium lord
 17925 | D        | Noticed Liustrass the pandemonium lord
 17946 | D        | Killed Liustrass the pandemonium lord
 17946 | D        | Reached skill level 27 in Unarmed Combat
 17992 | D        | Noticed Hikk the pandemonium lord
 18014 | D        | Killed Hikk the pandemonium lord
 18102 | D        | Noticed Moxyet the pandemonium lord
 18127 | D        | Killed Moxyet the pandemonium lord
 18546 | D        | Gained mutation: You are dopey. (Int -2) [a neqoxec]
 18645 | D        | Gained mutation: Scrolls take you a little longer to read. [a neqoxec]
 18715 | D        | Reached XP level 24. HP: 249/249 MP: 53/53
 18746 | D        | Noticed Nifeumej the pandemonium lord
 18757 | D        | Killed Nifeumej the pandemonium lord
 18874 | D        | Escaped with the Orb!

Vault maps used:
D:        linesprint

Skill      XL: |  1  2  3  4  5  6  7  8  9 10 11 12 13 14 15 16 17 18 19 20 21 22 23 |
---------------+----------------------------------------------------------------------+-----
Fighting       | 4 5 7 8 9 10 12 14 16 18 19 21 23 25 27 | 27.0
Maces & Flails | 3 4 5 7 8 9 10 11 12 14 16 17 19 21 23 25 27 | 27.0
Armour         | 4 5 7 8 9 10 12 14 16 17 19 21 23 25 27 | 27.0
Dodging        | 1 2 4 5 6 7 8 9 11 12 13 14 16 18 21 27 | 27.0
Shields        | 4 5 7 8 9 10 12 13 14 16 18 19 21 23 25 27 | 27.0
Invocations    | 1 3 4 5 7 9 10 11 12 14 22 27 | 27.0
Evocations     | 4 6 9 11 13 17 21 25 27 | 27.0
Throwing       | 2 5 8 11 13 18 22 27 | 27.0
Stealth        | 18 27 | 27.0
Spellcasting   | 11 21 27 | 27.0
Unarmed Combat | 21 27 | 27.0

Action                   |  1- 3 |  4- 6 |  7- 9 | 10-12 | 13-15 | 16-18 | 19-21 | 22-24 || total
-------------------------+-------+-------+-------+-------+-------+-------+-------+-------++-------
Melee: Flail             |    43 |    50 |     9 |    26 |       |       |       |       ||   128
       Headbutt          |     7 |    10 |    14 |   116 |   250 |    67 |   154 |   283 ||   901
       Dire flail        |       |       |    70 |   150 |       |       |       |       ||   220
       Demon whip        |       |       |       |   214 |   617 |    15 |       |       ||   846
       Mace              |       |       |       |       |       |    76 |       |       ||    76
       Morningstar       |       |       |       |       |       |    37 |       |       ||    37
       Sacred scourge    |       |       |       |       |       |    58 |   400 |   752 ||  1210
Throw: Throwing net      |       |       |       |       |     2 |     1 |       |       ||     3
       Javelin           |       |       |       |       |    42 |   156 |   136 |    49 ||   383
Invok: Heroism           |       |     1 |     5 |    14 |    13 |     3 |       |       ||    36
       Finesse           |       |       |       |    10 |    13 |     3 |       |       ||    26
       Divine Shield     |       |       |       |       |       |    11 |    14 |     7 ||    32
       Brand Weapon With |       |       |       |       |       |     1 |       |       ||     1
       Cleansing Flame   |       |       |       |       |       |       |     2 |     1 ||     3
       Summon Divine War |       |       |       |       |       |       |     3 |     9 ||    12
Evoke: Wand              |       |       |       |     1 |       |       |     2 |       ||     3
  Use: Potion            |     1 |     1 |     4 |     1 |       |       |     7 |    14 ||    28
       Scroll            |       |       |     2 |     1 |     6 |     5 |     5 |     1 ||    20
 Stab: Held in net/web   |       |       |       |       |     1 |       |       |       ||     1
  Eat: Bread ration      |       |       |     1 |       |       |       |       |     3 ||     4
       Royal jelly       |       |       |     1 |       |       |       |       |       ||     1
       Chunk             |       |       |       |    20 |    17 |     1 |     5 |       ||    43
       Fruit             |       |       |       |       |    12 |    12 |    12 |     4 ||    40
Armor: Scale mail        |    17 |       |       |       |       |       |       |       ||    17
       Chain mail        |       |    20 |    45 |    23 |       |       |       |       ||    88
       Plate armour      |       |       |       |    12 |    75 |    23 |    43 |   102 ||   255
       Crystal plate arm |       |       |       |     1 |       |       |       |       ||     1
Dodge: Dodged            |    12 |    14 |    51 |    74 |    95 |    42 |    94 |   156 ||   538
Block: Shield            |    15 |    27 |     7 |    92 |   143 |       |       |       ||   284
       Reflection        |       |       |       |     4 |    16 |     4 |    25 |     7 ||    56
       Large shield      |       |       |       |       |   168 |   229 |   420 |   719 ||  1536
